 Dungeon Crawl Stone Soup version 0.25.1-2-g60ff931df9 (webtiles) character file.

Game seed: 3084568675778626312

269 Delamore the Shield-Bearer (level 6, -5/39 HPs)
             Began as a Gargoyle Fighter on Aug 31, 2020.
             Killed from afar by an orc wizard (6 damage)
             ... with a magic dart
             ... on level 4 of the Dungeon.
             The game lasted 00:02:18 (2784 turns).

Delamore the Shield-Bearer (Gargoyle Fighter)       Turns: 2784, Time: 00:02:19

Health: -5/39      AC: 17    Str: 22    XL:     6   Next: 22%
Magic:  6/6        EV: 22    Int:  8    God:
Gold:   241        SH:  9    Dex:  9    Spells: 5/5 levels left

rFire    . . .     SeeInvis .   a - +0 flail
rCold    . . .     Gourm    .   c - +0 kite shield
rNeg     + . .     Faith    .   b - +0 scale mail
rPois    ∞         Spirit   .   s - +0 helmet
rElec    +         Reflect  .   m - +0 cloak
rCorr    .         Harm     .   j - +2 pair of gloves
MR       .....                  (no boots)
Stlth    ..........             e - amulet of the acrobat
HPRegen  0.13/turn              (no ring)
MPRegen  0.10/turn              (no ring)

@: berserk cooldown, acrobat, slowed, very slow
A: negative energy resistance 1, electricity resistance, unbreathing,
petrification resistance, rot immunity, AC +4
a: no special abilities


You were on level 4 of the Dungeon.
You were hungry.

You visited 1 branch of the dungeon, and saw 4 of its levels.

You collected 241 gold pieces.

Inventory:

Hand Weapons
 a - a +0 flail (weapon)
Armour
 b - a +0 scale mail (worn)
 c - a +0 kite shield (worn)
 j - a +2 pair of gloves (worn)
 m - a +0 cloak (worn)
 s - a +0 helmet (worn)
Jewellery
 e - an amulet of the acrobat (around neck)
Scrolls
 i - 5 scrolls of teleportation {unknown}
 k - 2 scrolls of magic mapping {unknown}
 l - 2 scrolls of amnesia {unknown}
 n - a scroll of random uselessness {unknown}
 o - 3 scrolls of identify {unknown}
 q - a scroll of enchant armour {unknown}
 u - a scroll of noise {unknown}
 v - a scroll of remove curse {unknown}
 x - a scroll of immolation {unknown}
 y - a scroll of fog {unknown}
Potions
 d - 3 potions of might
 g - a potion of berserk rage
 h - 3 potions of magic {unknown}
 p - a potion of brilliance {unknown}
 r - 2 potions of curing {unknown}
 w - a potion of haste {unknown}
 z - a potion of invisibility {unknown}
 A - a potion of flight {unknown}
 B - a potion of heal wounds {unknown}
Comestibles
 f - 11 rations
 t - a chunk of flesh


   Skills:
 + Level 4.6 Fighting
 + Level 3.5 Maces & Flails
 + Level 4.6 Armour
 + Level 4.6 Shields


You had 5 spell levels left.
You didn't know any spells.
Your spell library contained the following spells:

 Spells                   Type           Power        Failure   Level  Hunger
 Confusing Touch          Hex            #.......     100%        3    ####...
 Gell's Gravitas          Tloc           #.........   100%        3    ####...
 Petrify                  Tmut/Erth      #.......     100%        4    #####..
 Metabolic Englaciation   Hex/Ice        #.........   100%        5    ######.
 Yara's Violent Unravell  Hex/Tmut       #.........   100%        5    ######.


Dungeon Overview and Level Annotations

Branches:
Dungeon (4/15)
 Temple: D:4-7

Altars:
Zin


Innate Abilities, Weirdness & Mutations

You are resistant to torment.
Your stone body is resilient. (AC +4)
You are immune to poison.
You resist negative energy. (rN+)
You are resistant to electric shocks. (rElec)
You can survive without breathing.
You are immune to petrification.
You are immune to rotting.


Message History

The orc wizard blinks!
The wight hits you but does no damage.
You closely miss the wight. The wight hits you but does no damage.
You barely miss the wight.
You are feeling hungry.
The wight hits you with a cursed +5 hand axe.
* * * LOW HITPOINT WARNING * * *
The wight hits you from afar with a cursed -3 spear.
* * * LOW HITPOINT WARNING * * *
The orc wizard gestures at you while chanting.
You feel yourself slow down.
You feel a strong urge to attack something.
The orc wizard mumbles some strange words.
The orc wizard blinks!
You see here 15 gold pieces.
You feel your anger nearly subside.
You are no longer berserk.
You are exhausted.
You feel as though you will be slow longer.
The orc wizard casts a spell at you. The magic dart hits you.
You die...

#. ....# #.#
....##. #.# .>....
#.# ....# #.# ....#
#.# ...
#.#########.#
#.z$z.z).†%.#
#@########..#
#######o### #..#
..........# ...#
#######.#.###.##.##
######...........
#......÷.........
#.####...........
#.# #..###.... #.#
#..# ....


You could see 3 wights and an orc wizard (fast).

Vanquished Creatures
  An ogre (D:4)
  A howler monkey (D:4)
  A hound (D:4)
  4 adders
  2 worms
  3 dart slugs
  A leopard gecko (D:3)
  10 orcs
  5 bats
  3 giant cockroaches
  2 hobgoblins (D:2)
  5 jackals (D:3)
  5 frilled lizards
  9 goblins
  6 kobolds
  9 rats
67 creatures vanquished.

Notes
Turn   | Place    | Note
-------+----------+-------------------------------------------
     0 | D:1      | Delamore the Gargoyle Fighter began the quest for the Orb.
     0 | D:1      | Reached XP level 1. HP: 14/14 MP: 1/1
   394 | D:1      | Reached XP level 2. HP: 19/19 MP: 2/2
   765 | D:2      | Reached XP level 3. HP: 7/23 MP: 3/3
  1638 | D:3      | Reached XP level 4. HP: 18/29 MP: 4/4
  1652 | D:3      | Found a glowing silver altar of Zin.
  2174 | D:3      | Found a faded altar of an unknown god.
  2501 | D:4      | Reached XP level 5. HP: 29/33 MP: 5/5
  2641 | D:4      | Noticed an ogre
  2650 | D:4      | Killed an ogre
  2737 | D:4      | Reached XP level 6. HP: 16/39 MP: 6/6
  2779 | D:4      | HP: 2/58 [wight/cursed +5 hand axe (5)]
  2784 | D:4      | Killed from afar by an orc wizard

Illustrated notes

Levels and vault maps discovered:
D:1:      ncdulo_watergridlock, layout_basic, minmay_split_cup_small
D:2:      layout_basic
D:3:      layout_basic, lemuel_coloured_pillars_altar,
          chequers_ecumenical_altar_simple
D:4:      layout_loops_ring, first_ration

Skill      XL: |  1  2  3  4 |
---------------+-------------+-----
Shields        | 4 |  4.6
Armour         | 4 |  4.6
Fighting       | 4 |  4.6
Maces & Flails | 3 |  3.5

Action                   |  1- 3 |  4- 6 || total
-------------------------+-------+-------++-------
Melee: Flail             |   135 |   129 ||   264
  Use: Potion            |       |     1 ||     1
  Eat: Chunk             |     2 |     4 ||     6
Armor: Scale mail        |    82 |    63 ||   145
Dodge: Dodged            |    90 |    39 ||   129
Block: Kite shield       |    80 |    67 ||   147
